Map: Chantier naval orbital

Players

AgCl

  • Race: Protoss Protoss

Reach - Winner!

  • Race: Zerg Zerg

VOD

Have the link to the VOD?

Description

Time

  • Played on: May 15, 2015, 9:31 p.m.
  • Length: 11:20
Show
View Real Time Build Order
Export as new Build Order

AgCl Protoss 

Build Orders:  

Get SALT Encoding   

  12  0:14  Pylon  
  12  0:16  Probe  
  13  0:28  Probe  
  14  0:41  Probe  
  15  0:43  Gateway  
  15  0:50  Assimilator  
  15  0:53  Probe  
  16  0:58  Pylon  
  16  1:10  Probe  
  17  1:11  Gateway  
  17  1:22  Probe  
  18  1:34  Probe  
  18  1:36  Cybernetics Core  
  19  1:46  Probe  
  20  2:04  Probe  
  20  2:05  Nexus  
  21  2:13  Warp Gate (Chrono Boost)  
  21  2:17  Mothership Core (Chrono Boost), Assimilator  
  25  2:23  Adept (Chrono Boost)  
  25  2:29  Adept (Chrono Boost)  
  27  2:32  Probe  
  28  2:44  Probe  
  29  2:56  Probe  
  30  3:17  Probe  
  31  3:22  Stargate  
  31  3:31  Nexus  
  31  3:33  Probe (Chrono Boost)  
  33  3:38  Probe (Chrono Boost)  
  33  3:43  Probe (Chrono Boost)  
  33  3:47  Probe (Chrono Boost)  
  33  3:50  Probe (Chrono Boost)  
  33  3:54  Assimilator  
  34  4:02  Probe (Chrono Boost)  
  35  4:04  Probe (Chrono Boost)  
  35  4:05  Oracle (Chrono Boost)  
  39  4:11  Probe, Assimilator  
  39  4:14  Pylon  
  40  4:27  Probe (Chrono Boost)  
  42  4:31  Fleet Beacon  
  42  4:33  Pylon  
  42  4:34  Probe (Chrono Boost)  
  43  4:53  Pylon  
  43  5:02  Pylon  
  43  5:07  Void Ray (Chrono Boost)  
  43  5:08  Pylon  
  43  5:26  Probe  
  40  5:34  Pylon  
  34  5:36  Pylon  
  34  5:44  Probe, Void Ray (Chrono Boost), Protoss Air Weapons Level 1  
  34  5:45  Forge  
  38  5:51  Pylon  
  38  5:52  Probe  
  39  6:00  Probe x2 (Chrono Boost)  
  41  6:04  Assimilator  
  41  6:07  Probe (Chrono Boost)  
  41  6:08  Assimilator  
  43  6:11  Probe (Chrono Boost)  
  43  6:12  Probe (Chrono Boost)  
  43  6:16  Probe (Chrono Boost)  
  43  6:17  Photon Cannon  
  46  6:19  Probe (Chrono Boost)  
  46  6:20  Probe (Chrono Boost)  
  46  6:21  Photon Cannon  
  46  6:22  Probe  
  47  6:28  Probe  
  47  6:33  Carrier (Chrono Boost)  
  47  6:37  Probe  
  45  6:42  Probe  
  53  6:54  Probe (Chrono Boost)  
  52  7:04  Probe (Chrono Boost)  
  54  7:10  Probe (Chrono Boost), Photon Cannon  
  54  7:13  Photon Cannon  
  54  7:14  Probe (Chrono Boost)  
  54  7:23  Probe (Chrono Boost)  
  54  7:27  Graviton Catapult (Chrono Boost)  
  54  7:28  Probe (Chrono Boost)  
  55  7:31  Photon Cannon  
  55  7:32  Probe (Chrono Boost)  
  57  7:37  Probe (Chrono Boost)  
  57  7:41  Probe (Chrono Boost)  
  57  7:43  Probe (Chrono Boost)  
  59  7:46  Probe (Chrono Boost)  
  59  7:47  Carrier (Chrono Boost)  
  59  7:49  Probe (Chrono Boost)  
  64  8:06  Probe (Chrono Boost)  
  64  8:08  Probe (Chrono Boost)  
  64  8:09  Protoss Air Weapons Level 2 (Chrono Boost)  
  70  8:15  Probe (Chrono Boost)  
  71  8:20  Probe (Chrono Boost)  
  71  8:24  Probe (Chrono Boost)  
  71  8:25  Probe (Chrono Boost)  
  73  8:29  Probe (Chrono Boost)  
  73  8:32  Stargate  
  74  8:37  Probe (Chrono Boost)  
  77  8:41  Probe (Chrono Boost)  
  77  8:45  Probe (Chrono Boost), Carrier (Chrono Boost)  
  77  8:46  Probe (Chrono Boost)  
  79  8:49  Probe (Chrono Boost)  
  79  8:55  Probe x2 (Chrono Boost)  
  81  9:04  Twilight Council  
  87  9:11  Carrier (Chrono Boost)  
  87  9:15  Probe  
  88  9:18  Probe, Pylon  
  88  9:19  Probe  
  96  9:32  Probe (Chrono Boost)  
  97  9:43  Probe (Chrono Boost)  
  97  9:44  Probe (Chrono Boost)  
  100  9:46  Charge (Chrono Boost)  
  100  9:47  Nexus  
  100  9:50  Probe (Chrono Boost)  
  101  9:55  Probe (Chrono Boost)  
  101  9:59  Dark Shrine  
  101  10:01  Probe  
  105  10:44  Assimilator  
  105  10:49  Assimilator  
  105  10:50  Pylon, Stargate  
  105  10:58  Probe x2  
Show
View Real Time Build Order
Export as new Build Order

Reach Zerg - Winner!

Build Orders: Hatch First 

Get SALT Encoding   

  12  0:08  Overlord  
  12  0:12  Drone  
  13  0:18  Drone  
  14  0:26  Drone  
  15  0:30  Drone  
  16  0:41  Drone  
  17  0:52  Drone  
  18  0:57  Hatchery  
  18  1:02  Drone  
  18  1:12  Spawning Pool  
  18  1:16  Drone  
  18  1:24  Drone  
  19  1:27  Extractor  
  18  1:36  Drone  
  19  1:46  Drone  
  20  1:59  Queen  
  22  2:03  Hatchery  
  21  2:09  Queen  
  21  2:13  Drone  
  24  2:17  Overlord  
  24  2:20  Drone  
  25  2:24  Extractor  
  24  2:33  Roach Warren  
  23  2:39  Burrow  
  23  2:50  Drone x3  
  26  2:56  Spine Crawler  
  25  3:13  Roach x3  
  25  3:16  Roach  
  33  3:21  Roach  
  33  3:26  Roach  
  37  3:39  Roach x2  
  41  3:43  Overlord  
  41  3:54  Overlord  
  41  3:57  Drone  
  42  4:05  Drone x3  
  42  4:08  Drone  
  46  4:12  Drone  
  46  4:15  Drone  
  48  4:17  Roach x8  
  48  4:22  Lair  
  48  4:30  Drone x2  
  48  4:31  Drone  
  51  4:41  Overlord x2  
  51  4:42  Drone x2  
  51  4:45  Spore Crawler  
  52  4:49  Spore Crawler  
  52  4:51  Roach  
  49  4:55  Roach x6  
  49  5:09  Drone x4  
  49  5:10  Drone  
  52  5:16  Roach x4  
  52  5:18  Overlord x2  
  52  5:20  Extractor  
  49  5:29  Drone x3  
  49  5:30  Drone x3  
  49  5:31  Evolution Chamber, Drone x4, Hydralisk Den  
  55  5:43  Drone x3  
  55  5:48  Roach x2  
  58  5:58  Zerg Missile Weapons Level 1  
  58  6:01  Queen  
  58  6:02  Overlord, Extractor  
  58  6:03  Drone x6  
  58  6:04  Drone  
  66  6:06  Roach x2  
  66  6:13  Muscular Augments  
  66  6:14  Drone  
  66  6:15  Drone  
  66  6:16  Overlord  
  68  6:19  Roach x2  
  68  6:20  Spore Crawler, Infestation Pit  
  68  6:21  Queen  
  68  6:32  Hydralisk x3  
  70  6:33  Roach x2  
  70  6:37  Roach x2  
  74  6:50  Drone x5  
  74  6:51  Drone  
  78  6:59  Hive  
  78  7:00  Hydralisk  
  80  7:08  Drone x2  
  76  7:16  Hydralisk  
  76  7:17  Hydralisk x2  
  76  7:18  Extractor  
  76  7:19  Extractor  
  76  7:22  Hydralisk  
  82  7:30  Hydralisk x2  
  86  7:42  Hydralisk x2  
  90  7:51  Hydralisk x3  
  90  7:53  Overlord  
  96  8:01  Drone x2  
  98  8:14  Viper  
  98  8:16  Hydralisk x2  
  98  8:18  Overlord  
  98  8:19  Overlord  
  105  8:22  Hatchery, Hydralisk  
  106  8:41  Hydralisk x4  
  106  8:42  Hatchery, Hydralisk x2  
  106  8:45  Overseer  
  117  8:55  Overseer  
  117  8:59  Zerg Missile Weapons Level 2  
  117  9:13  Overlord  
  117  9:14  Viper  
  120  9:27  Roach Warren  
  119  9:38  Hydralisk x5  
  119  9:39  Overlord  
  119  9:40  Overlord  
  129  9:53  Drone x3  
  132  10:01  Spore Crawler, Spine Crawler x2  
  132  10:02  Spine Crawler x2  
  127  10:20  Hydralisk x4  
  131  10:32  Hatchery  
  131  10:33  Hydralisk x2  
  131  10:34  Hydralisk x3  
  131  10:35  Viper  
  143  10:56  Overlord x2  
  143  10:57  Overlord  
Tags
 
Add a new tag
Caveats
  • Supply blocks, unpowered buildings, or Contaminate may cause inaccurate times.
  • Supply counts are checked every 10 seconds.